 Dungeon Crawl Stone Soup version bcrawl-1.31.3 (webtiles) character file.

Game seed: 10783712361954389741

480179 Morbidden the Eclecticist (level 14, -19/90 HPs)
             Began as a Fairy Air Elementalist on May 21, 2021.
             Was a High Priest of Qazlal.
             Killed from afar by a dire elephant (73 damage)
             ... with an exploding inner flame
             ... on level 5 of the Lair of Beasts.
             The game lasted 00:22:52 (16456 turns).

Morbidden the Eclecticist (Fairy Air Elementalist) Turns: 16456, Time: 00:22:52

Health: -19/90     AC: 13    Str:  6    XL:     14   Next: 25%
Magic:  38/45      EV: 26    Int: 29    God:    Qazlal [*****.]
Gold:   2043       SH: 15    Dex: 19    Spells: 25/45 levels left

rFire    x . .     SeeInvis +   t - staff of wizardry
rCold    + . .     Gourm    .   (shield currently unavailable)
rNeg     . . .     Faith    .   (armour unavailable)
rPois    .         Spirit   .   C - +0 helmet
rElec    +         Reflect  .   F - +0 cloak
rCorr    .         Harm     .   n - +2 pair of gloves
MR       +....                  g - +0 pair of boots
Stlth    +.........             j - amulet "Ojafabot" {RegenMP Int+7 Dex+4 SInv}
HPRegen  0.25/turn              z - ring of magical power
MPRegen  0.54/turn              c - ring of ice

@: exhausted, protected from electricity, flying evasively, studying Polearms,
repel missiles
A: small, magic attunement, unstealthy, unfitting armour, able to fly, AC/SH +7
a: Stop Flying, Upheaval, Elemental Force, Disaster Area, Renounce Religion


You were on level 5 of the Lair of Beasts.
You worshipped Qazlal.
Qazlal was extremely pleased with you.
You were not hungry.

You visited 3 branches of the dungeon, and saw 17 of its levels.
You also visited: Sewer and Bailey.

You collected 2043 gold pieces.

Inventory:

Missiles
 h - 148 tomahawks of dispersal {=f}
 y - 654 poisoned tomahawks (quivered)
 K - 2 throwing nets {=f}
Armour
 g - a +0 pair of boots (worn)
 n - a +2 pair of gloves (worn)
 C - a +0 helmet (worn)
 F - a +0 cloak (worn)
Magical Staves
 t - an uncursed staff of wizardry (weapon)
Jewellery
 c - a ring of ice (right hand)
 j - the amulet "Ojafabot" (around neck) {RegenMP Int+7 Dex+4 SInv}
   (You acquired it on level 10 of the Dungeon)

   [amulet of magic regeneration]

   It increases your magic regeneration.
   It affects your intelligence (+7).
   It affects your dexterity (+4).
   It lets you see invisible.
 z - a ring of magical power (left hand)
 P - an uncursed ring of protection from cold
Wands
 u - a wand of iceblast (7)
 v - a wand of clouds (9)
 D - a wand of enslavement (13)
 H - a wand of flame (34)
 M - a wand of disintegration (22)
Scrolls
 a - 7 scrolls of remove curse
 d - 6 scrolls of teleportation
 i - 5 scrolls of identify
 o - 6 scrolls of fog
 p - a scroll of silence {unknown}
 r - a scroll of blinking
 A - a scroll of enchant armour
 E - 4 scrolls of enchant weapon
 I - a scroll of amnesia
 L - a scroll of immolation
 N - a scroll of torment {unknown}
 Q - 2 scrolls of noise {unknown}
Potions
 b - 2 potions of flight
 f - 2 potions of degeneration {unknown}
 k - 4 potions of lignification {unknown}
 l - 3 potions of heal wounds {unknown}
 m - 2 potions of haste
 q - a potion of magic {unknown}
 w - 2 potions of cancellation {unknown}
 x - 5 potions of curing {unknown}
 B - 3 potions of agility {unknown}
 G - a potion of might
 J - a potion of invisibility {unknown}
 O - a potion of berserk rage
 S - 2 potions of brilliance {unknown}
 T - a potion of resistance {unknown}
Miscellaneous
 s - a lightning rod (4/4)
 U - a phial of floods
Comestibles
 e - 46 rations {!d}
 R - 4 chunks of flesh


   Skills:
 * Level 6.0 Fighting
 + Level 0.7 Staves
 * Level 9.9 Dodging
 + Level 2.3 Stealth
 * Level 16.3 Spellcasting
 * Level 8.1 Conjurations
 * Level 3.4 Hexes
 * Level 16.1 Air Magic
 * Level 6.3 Invocations


You had 25 spell levels left.
You knew the following spells:

 Your Spells              Type           Power        Failure   Level  Hunger
a - Shock                 Conj/Air       #####        0%          1    None
b - Airstrike             Air            #######...   1%          4    None
c - Lightning Bolt        Conj/Air       #######...   1%          5    None
d - Mana Rupture          Conj/Hex       ######....   50%         7    None
z - Static Discharge      Air            #######.     0%          3    None

Your spell library contained the following spells:

 Spells                   Type           Power        Failure   Level  Hunger
 Beastly Appendage        Tmut           ###...       1%          1    None
 Corona                   Hex            #####..      1%          1    None
 Ensorcelled Hibernation  Hex/Ice        ######       1%          2    None
 Passwall                 Tmut/Erth      ###.....     1%          2    None
 Shackle                  Hex            #####...     1%          2    None
 Sticks to Snakes         Tmut           ###.....     1%          2    None
 Swiftness                Chrm/Air       ######..     1%          2    None
 Confuse                  Hex            #####...     1%          3    None
 Dazzling Orbs            Conj/Hex       ######.      1%          3    None
 False Image              Hex/Summ       ####....     1%          3    None
 Inner Flame              Hex/Fire       N/A          1%          3    None
 Tukima's Dance           Hex            #####...     1%          3    None
 Cause Fear               Hex            #####.....   1%          4    None
 Call Canine Familiar     Summ           ###.....     2%          3    None
 Spider Form              Tmut/Pois      ###          2%          3    None
 Yara's Violent Unravell  Hex/Tmut       ####......   4%          4    None
 Ice Form                 Ice/Tmut       #####...     9%          4    None
 Petrify                  Tmut/Erth      ###.......   9%          4    None
 Summon Ice Beast         Ice/Summ       #####...     9%          4    None
 Metabolic Englaciation   Hex/Ice        ######....   11%         5    None
 Summon Mana Viper        Hex/Summ       ####....     11%         5    None
 Blade Hands              Tmut           ###.......   22%         5    None
 Summon Hydra             Summ           ###.......   73%         6    None
 Monstrous Menagerie      Summ           ###.......   99%         7    None


Dungeon Overview and Level Annotations

Branches:
Dungeon (10/12)            Temple (1/1) D:4            Lair (6/6) D:7
 Shoals (0/3) Lair:2       Spider (0/3) Lair:3          Orc (0/1) D:10
  Slime: Lair:5-6

Altars:
Ashenzari
Cheibriados
Dithmenos
Elyvilon
Fedhas
Gozag
Kikubaaqudgha
Lugonu
Makhleb
Nemelex Xobeh
Qazlal
Sif Muna
Uskayaw
Xom
Yredelemnul
The Shining One
Beogh

Shops:
D:7 (!((   D:9 %   D:10 [

Annotations:
D:3 3 runed translucent doors, yrara's ghost, weakling DsFi


Innate Abilities, Weirdness & Mutations

Your spells do not cause hunger and MP costs are reduced by 1.
Your bright wings attract enemies. (Stealth-)
You cannot fit into any form of body armour.
Your shimmering scales are hard and can block incoming attacks. (AC +7, SH +7)
You are small and have problems with some larger weapons.
You can fly continuously.


Message History

The dire elephant is severely wounded.
Your air elemental hits the dire elephant but does no damage. x2
Your air elemental barely misses the dire elephant.
Unknown command.
Unknown command.
Unknown command.
Your air elemental hits the dire elephant.
Your air elemental hits the dire elephant but does no damage. x2
Your air elemental hits the dire elephant.
Your water elemental hits the dire elephant!!
The dire elephant explodes!
You hear a sizzling sound!
The fiery explosion engulfs your air elemental!!!
Your air elemental is destroyed!
The fiery explosion engulfs your water elemental!!!
Your water elemental is burned terribly!
You hear a sizzling sound!
The fire burns you terribly! The fiery explosion engulfs you!!!!
Ouch! That really hurt!
You die...

####P### #............#
### ###...........###
#######...............#
#.#.................P##
##............###.#.##
###.##......P# ###.#
#####.....P## ##.#
##.○§...# #..# ########
#P...@..###..# ##..P#.#
###..E.§P...#..##
.......###.##°.§§.......P#
..............E§.§.......#
....#....###..P.P.#.P.#.##
######.#.# #####..######.#
##### #### ###


You could see a friendly water elemental and a friendly air elemental.

Vanquished Creatures
  5 hydras
  8 two-headed ogres
  An ogre mage (D:10)
  Nergalle (Lair:1)
  Pikel (D:4)
  A cyclops (D:9)
  An oklob plant (Lair:5)
  4 black mambas
  2 centaur zombies (D:10)
  3 elephants (Lair:5)
  A water nymph (Lair:2)
  10 cane toads
  8 komodo dragons
  6 rime drakes
  Maurice (D:10)
  A hornet (Lair:5)
  3 polar bears
  5 blink frogs
  Prince Ribbit (D:5)
  2 slime creatures (D:7)
  10 dream sheep
  9 hippogriffs
  A tarantella (shapeshifter) (D:10)
  A spriggan (D:9)
  2 water elementals
  5 wyverns
  39 yaks
  2 basilisks (Lair:6)
  A fire elemental (Lair:4)
  A human (D:10)
  2 hungry ghosts
  11 crocodiles
  A warg (D:10)
  10 water moccasins
  8 porcupines
  5 orc warriors
  Purgy (Sewer)
  2 ice beasts
  A sky beast (D:4)
  A slave (D:4)
  2 phantoms (D:8)
  3 necrophages (D:7)
  6 ogres
  3 centaurs
  Blork the orc (D:5)
  6 big kobolds
  11 bullfrogs
  An elf zombie (D:7)
  An elf skeleton (D:7)
  2 scorpions
  10 wights
  An electric eel (Lair:2)
  3 howler monkeys
  7 jellies
  4 crimson imps
  6 orc priests
  3 hounds
  4 human zombies (D:7)
  6 orc wizards
  A bullfrog skeleton (D:5)
  3 centaur skeletons
  4 hell rats (Lair:6)
  4 iguanas
  7 worker ants
  An ogre zombie (D:7)
  A mummy (D:7)
  4 gnolls (D:7)
  14 adders
  2 shadow imps
  4 oozes
  2 adder zombies
  2 adder skeletons
  5 worms
  3 dart slugs
  8 leopard geckos
  29 orcs
  4 ball pythons
  4 bats
  4 giant cockroaches
  3 hobgoblins
  12 jackals
  3 quokkas
  5 frilled lizards
  7 goblins
  36 kobolds
  A quokka skeleton (D:3)
  7 rats
  A butterfly (Lair:1)
  A plant (Lair:5)
440 creatures vanquished.

Vanquished Creatures (others)
  A hound skeleton (D:4)
  21 fungi
  19 plants
  3 toadstools (D:7)
44 creatures vanquished.

Grand Total: 484 creatures vanquished

Notes
Turn   | Place    | Note
-------+----------+-------------------------------------------
     0 | D:1      | Morbidden the Fairy Air Elementalist began the quest for
                  | the Orb.
     0 | D:1      | Reached XP level 1. HP: 11/11 MP: 6/6
    64 | D:1      | Reached XP level 2. HP: 17/17 MP: 7/7
   547 | D:1      | Reached XP level 3. HP: 21/21 MP: 9/9
   678 | D:1      | Learned a level 3 spell: Static Discharge
   928 | D:2      | Reached XP level 4. HP: 10/27 MP: 11/11
   930 | D:2      | Reached skill level 5 in Air Magic
  1269 | D:2      | Reached XP level 5. HP: 28/31 MP: 12/12
  1344 | D:2      | Found a snail-covered altar of Cheibriados.
  1415 | D:2      | Found an opulent altar of Gozag.
  1461 | D:2      | Found a faded altar of an unknown god.
  1742 | D:3      | Found a glowing drain.
  1749 | Sewer    | Entered a sewer
  1795 | Sewer    | Noticed Purgy
  1803 | Sewer    | Killed Purgy
  1804 | Sewer    | Reached XP level 6. HP: 21/36 MP: 5/14
  2274 | D:3      | Reached skill level 5 in Spellcasting
  2279 | D:3      | Learned a level 4 spell: Airstrike
  2526 | D:3      | Found a white marble altar of Elyvilon.
  2654 | D:3      | Found a runed translucent gate.
  2654 | D:3      | Noticed yrara's ghost (weakling DsFi)
  2656 | D:3      | Found a runed translucent gate.
  2657 | D:3      | Found a runed translucent gate.
  2659 | D:3      | Identified the cursed +3 dagger of the First Cities
                  | {pierce, rElec rF+ Str+3}
  2659 | D:3      | Identified the cursed +1 ring mail of Plog {rN+ Int+7}
  2663 | D:3      | Found a roughly hewn altar of Beogh.
  2982 | D:4      | Reached XP level 7. HP: 41/41 MP: 4/17
  3030 | D:3      | Found a sparkling altar of Nemelex Xobeh.
  3241 | D:4      | Noticed Pikel
  3255 | D:4      | Killed Pikel
  3256 | D:4      | Reached XP level 8. HP: 40/46 MP: 4/21
  3663 | D:4      | Found a shattered altar of Ashenzari.
  3758 | D:4      | Found a staircase to the Ecumenical Temple.
  3836 | D:4      | Found a shimmering altar of Xom.
  3836 | D:4      | Found a burning altar of Makhleb.
  3890 | Temple   | Entered the Ecumenical Temple
  3894 | Temple   | Became a worshipper of Qazlal Stormbringer
  4074 | D:5      | Entered Level 5 of the Dungeon
  4215 | D:5      | Noticed Prince Ribbit
  4219 | D:5      | Killed Prince Ribbit
  4220 | D:5      | Reached skill level 1 in Fighting
  4220 | D:5      | Reached skill level 1 in Invocations
  4367 | D:5      | Reached XP level 9. HP: 53/53 MP: 16/23
  4776 | D:5      | Noticed Blork the orc
  4779 | D:5      | Killed Blork the orc
  5069 | D:6      | Reached * piety under Qazlal
  5145 | D:6      | Got a buzzing rapier
  5522 | D:6      | Found a corrupted altar of Lugonu.
  5702 | D:6      | Reached skill level 10 in Spellcasting
  5929 | D:6      | Found a sparkling altar of Nemelex Xobeh.
  6059 | D:6      | Found a basalt altar of Yredelemnul.
  6211 | D:7      | Reached skill level 10 in Air Magic
  6287 | D:7      | Noticed a two-headed ogre
  6294 | D:7      | Killed a two-headed ogre
  6295 | D:7      | Reached skill level 5 in Dodging
  6295 | D:7      | Reached XP level 10. HP: 61/61 MP: 8/26
  6435 | D:7      | Found Boibod's Distillery.
  6670 | D:7      | Reached ** piety under Qazlal
  6699 | D:7      | Learned a level 5 spell: Lightning Bolt
  6763 | D:7      | Found an ancient bone altar of Kikubaaqudgha.
  6800 | D:7      | Found Geronox's Antique Weapon Shoppe.
  6918 | D:7      | Found a staircase to the Lair.
  6949 | D:7      | Found Mohomicw's Weapon Boutique.
  7350 | D:7      | Found Butoanto's Weapon Shoppe.
  7365 | D:7      | Found a glowing golden altar of the Shining One.
  8108 | D:8      | Reached skill level 5 in Conjurations
  8140 | D:8      | Noticed a two-headed ogre
  8147 | D:8      | Killed a two-headed ogre
  8148 | D:8      | Reached XP level 11. HP: 42/67 MP: 4/29
  8429 | D:8      | Found a shadowy altar of Dithmenos.
  8586 | D:8      | Reached *** piety under Qazlal
  8803 | D:9      | Noticed a cyclops
  8808 | D:9      | Killed a cyclops
  8926 | D:9      | Found a blossoming altar of Fedhas.
  9233 | D:9      | Noticed a two-headed ogre
  9238 | D:9      | Killed a two-headed ogre
  9384 | D:9      | Found Sarhomif's Food Emporium.
  9629 | D:9      | Noticed a centaur warrior
  9629 | D:9      | Noticed a wolf spider
  9629 | D:9      | Noticed a glowing orange brain
  9630 | D:9      | Noticed a deep elf mage
  9631 | D:9      | Noticed a two-headed ogre
  9725 | D:9      | Found a shadowy altar of Dithmenos.
 10011 | D:9      | Noticed a rakshasa
 10012 | D:9      | Noticed a two-headed ogre
 10012 | D:9      | Noticed a white ugly thing
 10252 | D:10     | Entered Level 10 of the Dungeon
 10266 | D:10     | Identified a scroll of acquirement
 10266 | D:10     | Identified the +1 lajatang "Feanih" {slice, *Drain rPois
                  | Int+4} (You acquired it on level 10 of the Dungeon)
 10266 | D:10     | Identified the amulet "Ojafabot" {RegenMP Int+7 Dex+4 SInv}
                  | (You acquired it on level 10 of the Dungeon)
 10274 | D:10     | Found a flagged portal.
 10283 | Bailey   | Entered a bailey
 10345 | Bailey   | Reached **** piety under Qazlal
 10467 | Bailey   | Found a burning altar of Makhleb.
 10516 | D:10     | Noticed Maurice
 10521 | D:10     | Killed Maurice
 10678 | D:10     | Noticed a two-headed ogre
 10686 | D:10     | Killed a two-headed ogre
 10687 | D:10     | Reached XP level 12. HP: 33/74 MP: 3/31
 10980 | D:10     | Noticed an ogre mage
 10985 | D:10     | Killed an ogre mage
 10985 | D:10     | Noticed a two-headed ogre
 10988 | D:10     | Noticed a two-headed ogre
 10990 | D:10     | Killed a two-headed ogre
 10990 | D:10     | Noticed a two-headed ogre
 10997 | D:10     | Killed a two-headed ogre
 10997 | D:10     | Reached ***** piety under Qazlal
 11000 | D:10     | Killed a two-headed ogre
 11047 | D:10     | Noticed a two-headed ogre
 11054 | D:10     | Killed a two-headed ogre
 11160 | D:10     | Found a staircase to the Orcish Mines.
 11229 | D:10     | Found Onouhuh's Armour Boutique.
 11405 | Lair:1   | Entered Level 1 of the Lair of Beasts
 11422 | Lair:1   | Noticed Nergalle
 11428 | Lair:1   | Killed Nergalle
 11558 | Lair:1   | Noticed a six-headed hydra
 11563 | Lair:1   | Killed a six-headed hydra
 11689 | Lair:1   | Found the +6 Scorpio {venom, beckon}
 11852 | Lair:1   | Reached skill level 5 in Invocations
 12336 | Lair:1   | Learned a level 7 spell: Mana Rupture
 12350 | Lair:2   | Found a staircase to the Shoals.
 12567 | Lair:2   | Reached skill level 1 in Hexes
 12634 | Lair:2   | Reached XP level 13. HP: 81/81 MP: 33/33
 12730 | Lair:2   | Reached skill level 5 in Fighting
 12730 | Lair:2   | Reached skill level 15 in Spellcasting
 13368 | Lair:3   | Reached skill level 15 in Air Magic
 13819 | Lair:3   | Found a hole to the Spider Nest.
 14853 | Lair:4   | Found a shimmering altar of Xom.
 15254 | Lair:5   | Reached ****** piety under Qazlal
 16078 | Lair:6   | Entered Level 6 of the Lair of Beasts
 16226 | Lair:6   | Reached XP level 14. HP: 89/89 MP: 33/36
 16383 | Lair:6   | Noticed a dire elephant
 16456 | Lair:5   | Killed a dire elephant
 16456 | Lair:5   | Killed from afar by a dire elephant

Skill      XL: |  1  2  3  4  5  6  7  8  9 10 11 12 13 14 |
---------------+-------------------------------------------+-----
Air Magic      | 4 5 6 8 9 10 12 13 14 15 16 | 16.1
Spellcasting   | 3 4 5 7 8 10 12 13 14 16 | 16.3
Dodging        | 3 4 5 6 7 8 9 |  9.9
Conjurations   | 2 3 4 5 6 7 8 |  8.1
Stealth        | 2 |  2.3
Fighting       | 1 2 3 4 5 6 |  6.0
Invocations    | 1 2 3 4 5 6 |  6.3
Hexes          | 1 3 |  3.4
Staves         | |  0.7

Action                   |  1- 3 |  4- 6 |  7- 9 | 10-12 | 13-15 || total
-------------------------+-------+-------+-------+-------+-------++-------
Melee: Unarmed           |       |     1 |       |       |       ||     1
       Staff             |       |       |     4 |     9 |    12 ||    25
 Cast: Shock             |    50 |    86 |    23 |    87 |    27 ||   273
       Static Discharge  |       |    14 |     3 |     9 |    39 ||    65
       Airstrike         |       |    20 |   125 |   391 |   207 ||   743
       Lightning Bolt    |       |       |       |    15 |     9 ||    24
Invok: Upheaval          |       |       |       |       |     1 ||     1
       Elemental Force   |       |       |       |       |     1 ||     1
       Disaster Area     |       |       |       |       |     1 ||     1
  Use: Scroll            |       |     4 |     1 |     8 |     2 ||    15
  Eat: Chunk             |       |     7 |    14 |    24 |    16 ||    61
Armor: Skin              |     5 |     7 |     1 |    24 |    26 ||    63
Dodge: Dodged            |    12 |    46 |    24 |   121 |   124 ||   327
       Deflected         |       |       |       |     7 |     1 ||     8
Block: Other             |     5 |    21 |    10 |   100 |    96 ||   232
